 Dungeon Crawl Stone Soup version 0.31.0-12-g77e489cdc1 (webtiles) character file.

Game seed: 3254623507352241940

106 Killerpretzel the Changeling (level 4, -2/29 HPs)
             Began as an Octopode Shapeshifter on Feb 27, 2024.
             Slain by a ribbon worm (6 damage)
             ... while paralysed by Grinder
             ... on level 4 of the Dungeon.
             The game lasted 00:04:42 (2335 turns).

Killerpretzel the Changeling (OpSh)                 Turns: 2335, Time: 00:04:43

Health: -2/29      AC:  1    Str: 13    XL:     4   Next: 84%
Magic:  0/4        EV:  2    Int: 12    God:
Gold:   143        SH:  0    Dex: 13    Spells: 3/3 levels left

rFire   . .          .
                       - Unarmed
rCold   . . .        (no shield)
rNeg    . . .        (helmet currently unavailable)
rPois   .            k - amulet of guardian spirit
rElec   .            (no ring)
rCorr   .            (no ring)
SInv    .            (no ring)
Will    .....        (no ring)
Stlth   ++           (no ring)
HPRegen 0.24/turn    (no ring)
MPRegen 0.09/turn    (no ring)
                     (no ring)

%: guardian spirit
@: paralysed, mighty, beast-form
A: beast (slay +2), almost no armour, amphibious, 8 rings, camouflage 1,
gelatinous body 1, (nimble swimmer 1), tentacles
a: Begin Untransformation


You were on level 4 of the Dungeon.
You were a hulking beast.
You visited 1 branch of the dungeon, and saw 4 of its levels.

You collected 143 gold pieces.

Inventory:

Missiles
 h - a throwing net (quivered)
Jewellery
 k - an amulet of guardian spirit (around mantle)
 n - a +6 ring of intelligence
Talismans
 b - a beast talisman
 c - a flux talisman
Wands
 a - a wand of flame (18)
Scrolls
 f - 2 scrolls of fog
Potions
 d - a potion of resistance
 i - 2 potions of heal wounds
 j - a potion of curing


   Skills:
 + Level 2.1 Fighting
 + Level 2.7 Dodging
 + Level 3.5 Unarmed Combat
 * Level 3.9 Shapeshifting


You had 3 spell levels left.
You didn't know any spells.
Your spell library was empty.

Dungeon Overview and Level Annotations

Branches:
Dungeon (4/15)
 Temple: D:4-7

Altars:

Annotations:
D:3 exclusion: scorpion
D:4 Grinder


Innate Abilities, Weirdness & Mutations

You are a hulking beast.
Your limbs bulge with bestial killing power. (Slay +2)
You cannot wear most types of armour.
You are amphibious.
You can wear up to eight rings at the same time.
Your skin changes colour to match your surroundings (Stealth+).
Your rubbery body absorbs attacks. (AC +1, EV +1)
((You are camouflaged when in or above water. (Stealth+)))
You have tentacles for arms and can constrict up to eight enemies at once.


Message History

No target in view!
A goblin comes into view. It is wielding a +2 dagger of speed.
Grinder comes into view.
Grinder shouts!
The goblin shouts!
You hear a shout!
Grinder blinks!
You tentacle-slap the goblin. You grab the goblin. You squeeze the goblin.
You kill the goblin!
Grinder gestures at you. You resist with significant effort.
A ribbon worm comes into view.
An endoplasm comes into view.
Things that are here:
a +2 dagger of speed; a goblin corpse Grinder gestures at you.
Pain shoots through your body!
A hobgoblin comes into view.
The ribbon worm expels a string of sticky webbing.
The stream of webbing misses you.
You barely miss Grinder. You grab Grinder. Your squeeze misses Grinder.
You constrict Grinder. Grinder closely misses you.
You tentacle-slap Grinder.
Grinder is lightly wounded.
You constrict Grinder. Grinder hits you!
You writhe in agony.
You are too injured to fight recklessly!
You are too injured to fight recklessly!
You are too injured to fight recklessly!
There are monsters nearby!
You feel very mighty all of a sudden.
You constrict Grinder. Grinder hits you.
You writhe in agony.
* * * LOW HITPOINT WARNING * * *
You tentacle-slap Grinder. You squeeze Grinder!
Grinder is severely wounded.
You constrict Grinder, but do no damage.
Grinder gestures at you.
You suddenly lose the ability to move!
You lose your grip on Grinder.
Grinder hits you.
* * * LOW HITPOINT WARNING * * *
Grinder hits you but does no damage. The endoplasm hits you.
* * * LOW HITPOINT WARNING * * *
The ribbon worm bites you.
You die...

#####)# #.#.#
#.....# #.#.##
####### #.#####
#.... .......
#.########### ..#
#######
#...........##..####
###########.........
###.........
#..g).......
#..Jh.......
......#5w).....
####...........
#.#(........
#.#.........
#.##........
...###... .#.. ...


You could see Grinder, a ribbon worm, an endoplasm and a hobgoblin.

Vanquished Creatures
  Ijyb (D:4)
  An adder (D:3)
  A dart slug (D:2)
  A ribbon worm (D:3)
  2 orcs
  8 bats
  6 endoplasms
  4 giant cockroaches
  6 goblins
  3 hobgoblins
  5 jackals
  6 kobolds
  3 quokkas
  5 ball pythons
  5 frilled lizards
  4 rats
61 creatures vanquished.

Notes
Turn   | Place    | Note
-------+----------+-------------------------------------------
     0 | D:1      | Killerpretzel the Octopode Shapeshifter began the quest for
                  | the Orb.
     0 | D:1      | Reached XP level 1. HP: 13/13 MP: 1/1
   134 | D:1      | Reached XP level 2. HP: 14/18 MP: 2/2
   348 | D:1      | Found a faded altar of an unknown god.
   472 | D:1      | Reached XP level 3. HP: 22/23 MP: 3/3
  1608 | D:3      | Reached XP level 4. HP: 26/29 MP: 4/4
  1680 | D:3      | Noticed a scorpion
  2247 | D:4      | Noticed Ijyb
  2263 | D:4      | Killed Ijyb
  2325 | D:4      | Noticed Grinder
  2332 | D:4      | Paralysed by Grinder for 4 turns
  2335 | D:4      | Slain by a ribbon worm

Illustrated notes

Levels and vault maps discovered:
D:1:      nicolae_arrival_escape_room, layout_basic, basic_ecumenical_altar,
          st_stairs_3, minivault_24, amcnicky_mini_rare_corridor_liquid
D:2:      layout_loops_ring, serial_bayou_pond_a, st_stairs_6
D:3:      layout_basic
D:4:      layout_loops_ring, hangedman_decor_opposing, uniq_grinder, uniq_ijyb,
          uniq_sigmund

Skill      XL: |  1  2  3  4 |
---------------+-------------+-----
Fighting       | 2 |  2.1
Dodging        | |  2.7
Unarmed Combat | |  3.5
Shapeshifting  | |  3.9

Action                     |  1- 3 |  4- 6 || total
---------------------------+-------+-------++-------
  Melee: Unarmed           |    96 |    45 ||   141
         Constrict         |    20 |     8 ||    28
         Tentacles         |    15 |    11 ||    26
         Punch             |     1 |       ||     1
    Use: Scroll            |     8 |     5 ||    13
         Potion            |       |     2 ||     2
   Stab: Sleeping          |     8 |     1 ||     9
 Armour: Skin              |    44 |    30 ||    74
  Dodge: Dodged            |    76 |    20 ||    96
